 Dungeon Crawl Stone Soup version 0.19.1 (webtiles) character file.

22677 Legion1337 the Blocker (level 12, -6/106 HPs)
             Began as a Minotaur Fighter on Dec 12, 2016.
             Was an Elder of Nemelex Xobeh.
             Mangled by a vampire mosquito (7 damage)
             ... on level 2 of the Swamp.
             The game lasted 02:09:51 (13279 turns).

Legion1337 the Blocker (Minotaur Fighter)          Turns: 13279, Time: 02:09:51

Health: -6/106     AC: 16    Str: 26    XL:     12   Next: 65%
Magic:  13/13      EV: 13    Int:  5    God:    Nemelex Xobeh [****..]
Gold:   524        SH: 21    Dex: 14    Spells: 0 memorised, 11 levels left

rFire  . . .     SeeInvis .     V - +3 whip (slash)
rCold  . . .     Gourm    .     b - +0 swamp dragon scales
rNeg   . . .     Faith    +     e - +1 large shield
rPois  +         Spirit   .     (helmet restricted)
rElec  .         Reflect  .     W - +2 cloak
rCorr  .         Harm     .     Y - +0 pair of gloves
MR     +....                    K - +0 pair of boots
Stlth  +.........               n - amulet of faith
                                N - ring of protection from magic
                                o - +4 ring of strength

@: no status effects
A: retaliatory headbutt, horns 2
a: Triple Draw, Deal Four, Renounce Religion


You were on level 2 of the Swamp.
You worshipped Nemelex Xobeh.
Nemelex Xobeh was greatly pleased with you.
You were not hungry.

You visited 4 branches of the dungeon, and saw 16 of its levels.

You collected 524 gold pieces.

Inventory:

Hand Weapons
 q - a +2 whip of draining
 C - a +1 flail of holy wrath
 V - a +3 whip of slashing (weapon)
Missiles
 B - 7 tomahawks (quivered)
Armour
 b - +0 swamp dragon scales (worn)
 c - a +0 shield
 e - a +1 large shield (worn)
 K - a +0 pair of boots (worn)
 R - a +2 scale mail of cold resistance
 W - a +2 cloak (worn)
 Y - a +0 pair of gloves (worn)
Rods
 M - a +5 iron rod (12/12)
   (You acquired it on level 3 of the Lair of Beasts)
Jewellery
 n - an amulet of faith (around neck)
 o - a +4 ring of strength (left hand)
 y - an uncursed ring of flight
 N - a ring of protection from magic (right hand)
Wands
 h - a wand of enslavement (1/24)
 J - a wand of paralysis (1/24)
Scrolls
 m - a scroll of fog
 r - 3 scrolls of enchant weapon
 s - 7 scrolls of amnesia
 t - a scroll of identify
 v - a scroll of recharging
 A - 3 scrolls of magic mapping
 E - 3 scrolls of enchant armour
 Q - a scroll of remove curse
Potions
 d - 5 potions of might
 j - 2 potions of mutation {unknown}
 k - 2 potions of agility {unknown}
 z - 2 potions of cancellation {unknown}
 D - a potion of flight {unknown}
 O - a potion of lignification {unknown}
 S - a potion of berserk rage {unknown}
 U - a potion of ambrosia {unknown}
 X - 2 potions of degeneration {unknown}
 Z - 2 potions of brilliance {unknown}
Miscellaneous
 a - a plain deck of destruction
 F - a plain deck of escape {drawn: 7}
 G - a plain deck of destruction {drawn: 3}
 T - a legendary deck of destruction {drawn: 2}
Comestibles
 f - 13 bread rations
 g - 9 slices of pizza
 u - a fruit
 H - 2 meat rations


   Skills:
 + Level 10.0 Fighting
   Level 2.1 Short Blades
   Level 4.2(9.1) Axes
 + Level 12.3(12.5) Maces & Flails
 + Level 1.0 Throwing
 + Level 10.8 Armour
 + Level 6.7 Dodging
 - Level 2.2 Stealth
 + Level 14.0 Shields
 - Level 3.2 Invocations
 + Level 1.4 Evocations


You had 11 spell levels left.
You didn't know any spells.

Dungeon Overview and Level Annotations

Branches:
Dungeon (9/15)             Temple (1/1) D:6            Lair (4/6) D:8
  Swamp (2/4) Lair:3
  Snake: Lair:2-4    Spider: Lair:2-4       Orc: D:9-12

Altars:
Ashenzari
Cheibriados
Dithmenos
Elyvilon
Fedhas
Hepliaklqana
Makhleb
Nemelex Xobeh
Qazlal
Ru
Sif Muna
Trog
Uskayaw
Vehumet
Xom
Yredelemnul
Zin
The Shining One

Shops:
D:6 [[   D:7 *

Annotations:
D:5 Schnappi's ghost, novice MiFi


Innate Abilities, Weirdness & Mutations

You reflexively headbutt those who attack you in melee.
You have a pair of horns on your head.


Message History

The alligator easily resists.
This wand has 1 charge left.
You block the vampire mosquito's attack.
The ghost crab breathes spectral mist at you.
The spectral mist engulfs the vampire mosquito.
You block the vampire mosquito's attack.
The alligator is engulfed in spectral mist.
The alligator bites you!
* * * LOW HITPOINT WARNING * * *
You block the alligator's attack.
Your flayed ghost stares at the alligator with tortured malice.
It was a potion of magic.
Magic courses through your body.
You are engulfed in spectral mist.
* * * LOW HITPOINT WARNING * * *
You block the vampire mosquito's attack.
The vampire mosquito barely misses your flayed ghost.
The alligator is engulfed in spectral mist.
The alligator misses you. You block the alligator's attack.
The vampire mosquito bites you!
You die...
Your body glows slightly and disappears.

♣♣♣ ♣♣..≈ ..≈≈≈
.≈≈≈≈. .≈≈≈≈.♣
≈≈≈≈≈.§♣♣♣♣♣♣♣
≈≈≈≈≈§c§♣♣@.≈♣♣
≈≈≈≈≈≈≈†§ytW≈.♣♣
.≈≈≈≈≈≈.≈Zy§≈.≈♣
.≈≈≈≈≈.♣♣..§...♣
♣.≈≈§§. ≈...♣≈.♣
♣♣♣≈.≈≈.≈≈≈..♣♣♣
♣≈..≈≈.≈≈≈≈.♣
♣♣≈.§.≈..≈≈.♣
♣♣♣§.≈≈≈..≈♣


You could see an alligator, a spectral spiny frog, 2 vampire mosquitoes and a
friendly flayed ghost.

Vanquished Creatures
  A thorn hunter (Swamp:1)
  3 hydras
  An alligator (Swamp:1)
  A shock serpent (Swamp:2)
  2 shambling mangroves
  Pikel (D:7)
  3 torpor snails
  The ghost of ZlagarX the Bolt Thrower, a novice DgHu (D:6)
  2 spiny frogs (Swamp:1)
  The ghost of TheSquall the Carver, a novice MiFi (D:4)
  3 komodo dragons
  2 tyrant leeches
  2 slime creatures (Swamp:2)
  3 hornets
  2 blink frogs (Lair:3)
  2 bog bodies (Swamp:1)
  2 hippogriffs
  A snapping turtle (Swamp:2)
  2 spriggans (Swamp:2)
  2 yaks (Lair:2)
  4 basilisks
  2 hogs (D:7)
  6 vampire mosquitoes
  Menkaure (D:4)
  8 swamp worms
  6 water moccasins
  A porcupine (Lair:2)
  A sky beast (D:5)
  A swamp drake (Swamp:1)
  An ice beast (D:6)
  An orc warrior (D:7)
  A black bear (Lair:2)
  4 ogres
  3 phantoms
  3 crocodiles (Lair:1)
  4 centaurs
  7 bullfrogs
  3 scorpions
  An electric eel (Lair:3)
  A howler monkey (D:4)
  A crimson imp (D:6)
  3 jellies
  A bullfrog zombie (D:5)
  4 lava snakes (D:7)
  2 orc priests
  2 bullfrog skeletons
  A hound (D:4)
  8 orc wizards
  5 iguanas
  8 worker ants
  A killer bee zombie (D:5)
  A mummy (D:6)
  A hound skeleton (D:6)
  A worker ant zombie (D:7)
  4 gnolls
  12 adders
  2 oozes
  4 worms (D:2)
  A dart slug (D:2)
  6 leopard geckos
  28 orcs
  A ball python (D:4)
  6 giant cockroaches
  7 goblins
  11 hobgoblins
  7 jackals
  A quokka (D:1)
  6 bats
  5 frilled lizards
  2 hobgoblin zombies (D:6)
  11 kobolds
  A kobold zombie (D:6)
  2 leopard gecko zombies
  An orc zombie (D:6)
  6 rats
259 creatures vanquished.

Vanquished Creatures (collateral kills)
  4 hydras
  2 swamp dragons (Swamp:1)
  3 spiny frogs
  A komodo dragon (Lair:3)
  2 tyrant leeches (Swamp:1)
  4 yaks (Lair:2)
  A bog body (Swamp:1)
  3 blink frogs (Lair:3)
  Sigmund (D:6)
  A basilisk (Lair:3)
  3 vampire mosquitoes (Swamp:1)
  3 swamp worms (Swamp:1)
  A water moccasin (Lair:2)
  A swamp drake (Swamp:1)
  An ogre (D:6)
  A centaur (D:6)
  3 crocodiles
35 creatures vanquished.

Vanquished Creatures (others)
  An alligator (Swamp:2)
  A spiny frog (Lair:2)
  A hornet (Swamp:2)
  A slave (D:7)
4 creatures vanquished.

Grand Total: 298 creatures vanquished

Notes
Turn   | Place    | Note
-------+----------+-------------------------------------------
     0 | D:1      | Legion1337 the Minotaur Fighter began the quest for the Orb.
     0 | D:1      | Reached XP level 1. HP: 19/19 MP: 0/0
   254 | D:1      | Reached XP level 2. HP: 25/27 MP: 1/1
   296 | D:1      | Reached skill level 4 in Shields
   307 | D:1      | Reached XP level 3. HP: 15/33 MP: 2/2
   822 | D:2      | Reached XP level 4. HP: 21/40 MP: 3/3
  1303 | D:2      | Reached skill level 1 in Dodging
  1539 | D:2      | Reached XP level 5. HP: 46/47 MP: 4/4
  1590 | D:2      | Found a radiant altar of Vehumet.
  1592 | D:2      | Found a shattered altar of Ashenzari.
  1806 | D:3      | Found a shadowy altar of Dithmenos.
  2021 | D:4      | Noticed an ogre
  2386 | D:4      | Reached skill level 5 in Shields
  2455 | D:5      | Entered Level 5 of the Dungeon
  2470 | D:4      | Noticed an ogre
  2639 | D:5      | Reached XP level 6. HP: 50/53 MP: 5/5
  2666 | D:5      | Reached skill level 1 in Short Blades
  2666 | D:5      | Reached skill level 5 in Armour
  2739 | D:6      | Found a staircase to the Ecumenical Temple.
  2855 | D:4      | Reached skill level 1 in Maces & Flails
  2873 | D:4      | Noticed Menkaure
  2880 | D:4      | Killed Menkaure
  2880 | D:4      | Reached XP level 7. HP: 11/60 MP: 6/6
  2961 | D:3      | Reached skill level 6 in Shields
  2979 | D:4      | Noticed TheSquall's ghost (novice MiFi)
  3184 | D:4      | Reached skill level 5 in Fighting
  3380 | D:4      | Killed TheSquall's ghost
  3380 | D:4      | Reached skill level 5 in Maces & Flails
  3380 | D:4      | Reached XP level 8. HP: 41/69 MP: 7/7
  3543 | D:5      | Reached skill level 7 in Shields
  3598 | D:5      | Noticed Schnappi's ghost (novice MiFi)
  4475 | Temple   | Entered the Ecumenical Temple
  4607 | Temple   | Became a worshipper of Nemelex Xobeh the Trickster
  4772 | D:5      | Received a gift from Nemelex Xobeh
  5008 | D:6      | Found Xuzekkea's Antique Armour Emporium.
  5176 | D:6      | Found a hazy altar of Hepliaklqana.
  5197 | D:6      | Noticed Sigmund
  5208 | D:6      | Killed Sigmund
  5237 | D:6      | Reached XP level 9. HP: 72/75 MP: 8/8
  5238 | D:6      | Noticed ZlagarX's ghost (novice DgHu)
  5265 | D:6      | Killed ZlagarX's ghost
  5265 | D:6      | Reached skill level 1 in Stealth
  5265 | D:6      | Reached skill level 8 in Shields
  5284 | D:6      | Found Ihorr's Antique Armour Boutique.
  5284 | D:6      | Reached * piety under Nemelex Xobeh
  5298 | D:6      | Received a gift from Nemelex Xobeh
  5779 | D:7      | Reached skill level 9 in Shields
  6267 | D:7      | Found Risubbeo's Assorted Antiques.
  6546 | D:7      | Found a bloodstained altar of Trog.
  6660 | D:7      | Noticed Pikel
  6697 | D:7      | Killed Pikel
  6697 | D:7      | Reached skill level 10 in Shields
  6697 | D:7      | Reached skill level 1 in Invocations
  6697 | D:7      | Reached XP level 10. HP: 86/86 MP: 9/9
  7076 | D:7      | Reached ** piety under Nemelex Xobeh
  7302 | D:8      | Found a snail-covered altar of Cheibriados.
  7321 | D:8      | Received a gift from Nemelex Xobeh
  7333 | D:8      | Found a staircase to the Lair.
  7343 | Lair:1   | Entered Level 1 of the Lair of Beasts
  7433 | Lair:1   | Noticed a torpor snail
  7440 | Lair:1   | Killed a torpor snail
  7483 | Lair:1   | Noticed a torpor snail
  7496 | Lair:1   | Killed a torpor snail
  7501 | Lair:1   | Found a snail-covered altar of Cheibriados.
  7630 | Lair:1   | Reached skill level 11 in Shields
  7657 | Lair:1   | Noticed a four-headed hydra
  7662 | Lair:1   | Killed a four-headed hydra
  7776 | Lair:1   | Received a gift from Nemelex Xobeh
  7942 | Lair:2   | Reached *** piety under Nemelex Xobeh
  8042 | Lair:1   | Received a gift from Nemelex Xobeh
  8140 | Lair:3   | Noticed a spiny frog
  8147 | Lair:2   | Noticed a spiny frog
  8151 | Lair:2   | Noticed a spiny frog
  8161 | Lair:2   | a spiny frog changed into a basilisk
  8171 | Lair:2   | Killed a spiny frog
  8255 | Lair:2   | Reached skill level 10 in Maces & Flails
  8866 | Lair:2   | Reached XP level 11. HP: 94/94 MP: 11/11
  9135 | Lair:2   | Received a gift from Nemelex Xobeh
  9173 | Lair:2   | Reached **** piety under Nemelex Xobeh
  9420 | Lair:3   | Noticed a five-headed hydra
  9424 | Lair:3   | Noticed a seven-headed hydra
  9430 | Lair:3   | Killed a five-headed hydra
  9434 | Lair:3   | Killed a seven-headed hydra
  9469 | Lair:3   | Noticed a four-headed hydra
  9472 | Lair:3   | Identified a scroll of acquirement
  9476 | Lair:3   | Killed a four-headed hydra
  9481 | Lair:3   | Reached skill level 5 in Dodging
  9481 | Lair:3   | Reached skill level 12 in Shields
  9519 | Lair:3   | Received a gift from Nemelex Xobeh
  9567 | Lair:3   | Found a staircase to the Swamp.
  9787 | Swamp:1  | Entered Level 1 of the Swamp
  9792 | Swamp:1  | Noticed a five-headed hydra
  9803 | Swamp:1  | Killed a five-headed hydra
  9981 | Swamp:1  | Received a gift from Nemelex Xobeh
 10156 | Swamp:1  | Noticed a thorn hunter
 10168 | Swamp:1  | Killed a thorn hunter
 10179 | Swamp:1  | Noticed a swamp dragon
 10186 | Swamp:1  | Killed a swamp dragon
 10593 | Swamp:1  | Reached skill level 1 in Evocations
 10664 | Swamp:1  | Reached skill level 10 in Armour
 10740 | Swamp:1  | Reached XP level 12. HP: 81/104 MP: 13/13
 10753 | Swamp:2  | Noticed a five-headed hydra
 10766 | Swamp:2  | Killed a five-headed hydra
 10766 | Swamp:2  | Reached skill level 13 in Shields
 10921 | Swamp:1  | Noticed an alligator
 10928 | Swamp:1  | Killed an alligator
 11205 | Swamp:2  | Noticed an alligator
 11206 | Swamp:2  | Noticed an ice dragon
 11206 | Swamp:2  | an alligator changed into an ice dragon
 12750 | Swamp:1  | Noticed a four-headed hydra
 12763 | Swamp:1  | Killed a four-headed hydra
 12763 | Swamp:1  | Reached skill level 10 in Fighting
 12763 | Swamp:1  | Reached skill level 1 in Throwing
 12763 | Swamp:1  | Reached skill level 14 in Shields
 13221 | Swamp:2  | Noticed an alligator
 13268 | Swamp:2  | Noticed an alligator
 13269 | Swamp:2  | Received a gift from Nemelex Xobeh
 13272 | Swamp:2  | Noticed a ghost crab
 13274 | Swamp:2  | Killed an alligator
 13278 | Swamp:2  | HP: 3/106 [alligator (9)]
 13279 | Swamp:2  | HP: 1/106 [ghost crab] (2)]
 13279 | Swamp:2  | Mangled by a vampire mosquito

Skill      XL: |  1  2  3  4  5  6  7  8  9 10 11 12 |
---------------+-------------------------------------+-----
Shields        | 4 5 6 7 10 11 12 14 | 14.0
Armour         | 4 5 6 7 8 9 10 | 10.8
Fighting       | 4 5 6 7 8 9 10 | 10.0
Axes           | 3 4 |  4.2
Dodging        | 1 2 3 4 5 6 |  6.7
Short Blades   | 2 |  2.1
Maces & Flails | 2 5 6 8 10 11 12 | 12.3
Stealth        | 1 2 |  2.2
Invocations    | 1 2 3 |  3.2
Evocations     | 1 |  1.4
Throwing       | 1 |  1.0

Action                   |  1- 3 |  4- 6 |  7- 9 | 10-12 || total
-------------------------+-------+-------+-------+-------++-------
Melee: War axe           |   107 |    51 |       |       ||   158
       Headbutt          |    14 |    22 |    79 |   162 ||   277
       Short sword       |       |    69 |       |       ||    69
       Flail             |       |    33 |   130 |       ||   163
       Whip              |       |       |   257 |   655 ||   912
Throw: Tomahawk          |       |       |       |    10 ||    10
Invok: Triple Draw       |       |       |       |     1 ||     1
Evoke: Wand              |       |     2 |     4 |     8 ||    14
       Deck              |       |       |     5 |    50 ||    55
  Use: Scroll            |       |     9 |     9 |    14 ||    32
       Potion            |       |       |     1 |     5 ||     6
 Stab: Sleeping          |       |       |     2 |       ||     2
       Distracted        |       |       |       |     1 ||     1
  Eat: Chunk             |       |     7 |    11 |    14 ||    32
       Beef jerky        |       |       |     1 |     2 ||     3
       Fruit             |       |       |       |     5 ||     5
Armor: Scale mail        |    36 |    27 |    77 |   108 ||   248
       Swamp dragon scal |       |       |       |     5 ||     5
Dodge: Dodged            |    32 |    23 |    47 |   113 ||   215
Block: Large shield      |    99 |   122 |   273 |   446 ||   940
